 Dungeon Crawl Stone Soup version 0.17.0-24-gcfadda4 (webtiles) character file.

307 MDvedh the Cudgeler (level 6, -2/47 HPs)
             Began as a Mummy Fighter on Nov 16, 2015.
             Killed from afar by ololoev's ghost (25 damage)
             ... with a flame tongue
             ... on level 4 of the Dungeon.
             The game lasted 00:05:30 (2915 turns).

MDvedh the Cudgeler (Mummy Fighter)                 Turns: 2915, Time: 00:05:32

Health: -2/47      AC:  5    Str: 21    XL:     6   Next: 16%
Magic:  6/6        EV:  8    Int:  8    God:
Gold:   127        SH:  9    Dex: 11    Spells: 0 memorised, 5 levels left

rFire  x . .     SeeInvis .     a - +1 flail
rCold  + . .     Clarity  .     k - +0 ring mail (curse)
rNeg   + + +     SustAt   .     c - +0 shield
rPois  ∞         Gourm    .     (no helmet)
rElec  .         Spirit   .     (no cloak)
rCorr  .         Warding  .     (no gloves)
rMut   .         Stasis   .     (no boots)
MR     .....                    (no amulet)
Stlth  ++........               (no ring)
                                j - ring of stealth

@: not resistant to hostile enchantments, unstealthy
A: no food or potions, fire vulnerability, cold resistance 1, negative energy
resistance 3, torment resistance, unbreathing
a: no special abilities


You were on level 4 of the Dungeon.
You were not hungry.

You visited 1 branch of the dungeon, and saw 4 of its levels.

You collected 127 gold pieces.

Inventory:

Hand Weapons
 a - a +1 flail (weapon)
Armour
 c - a +0 shield (worn)
 i - a +0 plate armour
 k - a cursed +0 ring mail (worn)
Jewellery
 j - a ring of stealth (left hand)
Wands
 b - a wand of invisibility (4)
Scrolls
 d - a scroll of teleportation
 e - a scroll of identify
 f - a scroll of recharging
 g - 2 scrolls of blinking
 h - a scroll of enchant weapon


   Skills:
 - Level 3.0 Fighting
 + Level 5.4 Maces & Flails
 - Level 2.4 Armour
 - Level 2.4 Shields


You had 5 spell levels left.
You didn't know any spells.

Dungeon Overview and Level Annotations

Branches:
Dungeon (4/15)
 Temple: D:4-7

Altars:
The Shining One

Annotations:
D:4 ololoev's ghost, amateur OpFE


Innate Abilities, Weirdness & Mutations

You do not eat or drink.
Your flesh is vulnerable to fire.
You are immune to poison.
Your flesh is cold resistant.
You are immune to negative energy.
You are immune to unholy pain and torment.
You can survive without breathing.


Message History

Where to? (? - help)
Okay, then.
Ololoev's ghost is too close now for your liking.
Ololoev's ghost is nearby!
Ololoev's ghost is nearby!
Ololoev's ghost is nearby!
Ololoev's ghost is nearby!
There is a stone staircase leading up here.
There is a stone staircase leading up here.
You barely miss ololoev's ghost. Ololoev's ghost casts a spell at you.
The flame tongue hits you! The fire burns you terribly!
Ouch! That really hurt!
You hit ololoev's ghost.
Ololoev's ghost is lightly damaged.
Ololoev's ghost hits you but does no damage.
Ololoev's ghost casts a spell at you. The flame tongue hits you!
The fire burns you terribly!
Ouch! That really hurt!
You die...

.#......####
##...#
.........#
#.#.#
.....<.(.#
#.#.#
W........#
#.#.##
#........#
#....#
#........#
#....#
#........#
#..<.#
##.[....##
##W..#
########
#@..# #...#
#...# #####


You could see ololoev's ghost.

Vanquished Creatures
  2 orc priests (D:3)
  Ijyb (D:2)
  A worker ant (D:4)
  Natasha (twice) (D:3)
  An orc wizard (D:3)
  4 gnolls
  An adder (D:3)
  3 giant geckos
  6 orcs (D:3)
  4 giant cockroaches
  8 hobgoblins
  10 jackals (D:1)
  11 kobolds
  6 bats
  6 giant newts
  10 goblins
  2 quokkas
  7 rats
85 creatures vanquished.

Notes
Turn   | Place    | Note
--------------------------------------------------------------
     0 | D:1      | MDvedh the Mummy Fighter began the quest for the Orb.
     0 | D:1      | Reached XP level 1. HP: 18/18 MP: 1/1
    90 | D:1      | Reached XP level 2. HP: 8/24 MP: 2/2
   456 | D:1      | Reached XP level 3. HP: 26/29 MP: 3/3
   651 | D:1      | Found a glowing golden altar of the Shining One.
   975 | D:2      | Noticed Ijyb
   994 | D:2      | Killed Ijyb
   994 | D:2      | Reached XP level 4. HP: 28/35 MP: 4/4
  1392 | D:2      | Reached skill level 4 in Maces & Flails
  1882 | D:3      | Noticed Natasha
  1889 | D:3      | Killed Natasha
  1889 | D:3      | Reached XP level 5. HP: 28/41 MP: 5/5
  2198 | D:3      | Noticed Natasha
  2216 | D:3      | Killed Natasha
  2509 | D:3      | Reached skill level 5 in Maces & Flails
  2704 | D:3      | Reached XP level 6. HP: 43/47 MP: 6/6
  2865 | D:4      | Noticed ololoev's ghost (amateur OpFE)
  2915 | D:4      | Killed from afar by ololoev's ghost

Action                   |  1- 3 |  4- 6 || total
-------------------------+-------+-------++-------
Melee: Flail             |   155 |   170 ||   325
  Use: Scroll            |       |     8 ||     8
